[ PARTIDA AOE2 · #471632503 ]
1v1 RMEspañoles vs Turks
Equipo del jugador · VICT
Equipo rival · DERR
[ ANÁLISIS DE REPETICIÓN · EXTRAÍDO DE LA PARTIDA GRABADA ]
Feudal
10:52
Castillos
—
Imperial
—
| APM promedio | 24.1 |
| APM pico | 45 |
| eAPM promedio | 4.7 |
| Aldeanos / militares | 13 / 0 |
Foco
⚔️ 2.5% · 🌾 97.5%
Feudal
—
Castillos
—
Imperial
—
| APM promedio | 72.6 |
| APM pico | 119 |
| eAPM promedio | 11.2 |
| Aldeanos / militares | 21 / 0 |
Foco
⚔️ 2.7% · 🌾 97.3%
Mapa de la partida
Recursos iniciales + cada clic de construcción. Líneas = muros · curvas = relieve. ◆ oro · ⬟ piedra · ● bayas · ✦ reliquia · ◌ hueco del cierre
Tu base
Base de "Nina"
Terreno inicial suavizado · ◌ = hueco del cierre detectado · pasá el cursor para detalles
Inputs por minuto
— BlueArgon - - "Nina"
Build order — BlueArgon
26 acciones detectadas en el replay
| 0:02 | Crear | Villager (Male) |
| 0:03 | Crear | Villager (Male) |
| 0:03 | Crear | Villager (Male) |
| 0:03 | Crear | Villager (Male) |
| 0:08 | Construir | House |
| 0:11 | Construir | House |
| 0:15 | Construir | House |
| 1:48 | Crear | Villager (Male) |
| 2:38 | Crear | Villager (Male) |
| 3:42 | Crear | Villager (Male) |
| 4:25 | Construir | Lumber Camp |
| 4:31 | Crear | Villager (Male) |
| 4:31 | Crear | Villager (Male) |
| 5:39 | Crear | Villager (Male) |
| 6:15 | Crear | Villager (Male) |
| 7:48 | Construir | Mill |
| 7:52 | Crear | Villager (Male) |
| 7:52 | Crear | Villager (Male) |
| 8:31 | Investigar | Feudal Age |
| 8:47 | Construir | Barracks |
| 8:55 | Construir | House |
| 9:01 | Construir | House |
| 9:04 | Construir | House |
| 9:15 | Investigar | Loom |
| 10:14 | Construir | Mining Camp |
| 10:52 | Edad | Edad Feudal |
Build order — "Nina"
29 acciones detectadas en el replay
| 0:02 | Construir | House |
| 0:04 | Construir | House |
| 0:08 | Crear | Villager (Male) |
| 0:08 | Crear | Villager (Male) |
| 0:08 | Crear | Villager (Male) |
| 0:08 | Crear | Villager (Male) |
| 0:09 | Crear | Villager (Male) |
| 0:09 | Crear | Villager (Male) |
| 2:16 | Crear | Villager (Male) |
| 2:16 | Crear | Villager (Male) |
| 2:16 | Crear | Villager (Male) |
| 2:16 | Crear | Villager (Male) |
| 3:15 | Crear | Villager (Male) |
| 3:15 | Crear | Villager (Male) |
| 4:34 | Construir | Mill |
| 4:37 | Crear | Villager (Male) |
| 4:37 | Crear | Villager (Male) |
| 4:49 | Construir | House |
| 5:30 | Crear | Villager (Male) |
| 5:31 | Crear | Villager (Male) |
| 5:36 | Construir | House |
| 6:51 | Crear | Villager (Male) |
| 6:51 | Crear | Villager (Male) |
| 7:32 | Crear | Villager (Male) |
| 8:17 | Crear | Villager (Male) |
| 8:57 | Construir | Lumber Camp |
| 9:07 | Crear | Villager (Male) |
| 9:45 | Investigar | Feudal Age |
| 11:21 | Construir | Farm |
Cronología de la partida
| 8:47 | BlueArgon · first_building Barracks |
| 10:52 | BlueArgon · age_up feudal |
| 11:33 | "Nina" · resign |
[ ANÁLISIS IA · 1 CRÉDITO ]
¿Qué pasó realmente en esta partida?
Wolo.gg analiza cada decisión: build order, eco, micro, errores típicos por bracket. Análisis personalizado por WhatsApp o Discord en 30 segundos.
Guía civ
Españoles
Guía mapa
Glade
Perfil
Jugador #21948841